 Seeded DCSS version 0.30-a0-924-g0ad0bf95bc (webtiles) character file.

Game seed: 6288695233667593312 (custom seed)

234 Darius099 the Ruffian (level 5, -4/52 HPs)
             Began as a Troll Monk on Mar 23, 2023.
             Was a Believer of Jiyva.
             Slain by an iguana (11 damage)
             ... on level 4 of the Dungeon.
             The game lasted 00:03:41 (2647 turns).

Darius099 the Ruffian (Troll Monk)                  Turns: 2647, Time: 00:03:41

Health: -4/52      AC:  4    Str: 19    XL:     5   Next: 75%
Magic:  4/4        EV: 10    Int:  6    God:    Jiyva [**....]
Gold:   198        SH:  0    Dex: 14    Spells: 4/4 levels left

rFire   . . .      SeeInvis .      - Unarmed
rCold   . . .      Faith    .    (no shield)
rNeg    . . .      Spirit   .    a - +0 robe
rPois   .          Reflect  .    (helmet restricted)
rElec   .          Rampage  .    (no cloak)
rCorr   +                        (gloves unavailable)
Will    .....                    (boots unavailable)
Stlth   ++                       (no amulet)
HPRegen 2.04/turn                h - ring of flight
MPRegen 0.39/turn                (no ring)

@: lethally poisoned (-4 -> -4), flying
A: large, unfitting armour, claws 3, regeneration 1, shaggy fur 1, tough skin 1
a: Renounce Religion


You were on level 4 of the Dungeon.
You worshipped Jiyva.
Jiyva was pleased with you.
You visited 1 branch of the dungeon, and saw 4 of its levels.
You also visited: Sewer.

You collected 198 gold pieces.

Inventory:

Armour
 a - a +0 robe (worn)
Jewellery
 h - a ring of flight (left claw)
Scrolls
 d - 2 scrolls of enchant armour {unknown}
 g - a scroll of silence {unknown}
 i - 3 scrolls of enchant weapon {unknown}
 j - a scroll of noise {unknown}
 k - a scroll of vulnerability {unknown}
 m - 2 scrolls of identify {unknown}
 n - a scroll of brand weapon {unknown}
 t - a scroll of blinking {unknown}
Potions
 b - a potion of ambrosia
 c - a potion of brilliance {unknown}
 e - a potion of curing
 f - 2 potions of resistance {unknown}
 l - a potion of haste {unknown}
 o - 2 potions of mutation {unknown}
 p - a potion of experience {unknown}
 q - a potion of magic {unknown}
 r - a potion of might {unknown}
 s - a potion of heal wounds {unknown}


   Skills:
 - Level 2.9 Fighting
 - Level 2.9 Dodging
 - Level 1.4 Stealth
 + Level 5.6 Unarmed Combat


You had 4 spell levels left.
You didn't know any spells.
Your spell library contained the following spells:

 Spells                   Type           Power      Damage    Failure   Level
 Blade Hands              Tmut           0%         N/A       100%        5
 Irradiate                Conj/Tmut      0%         3d11      100%        5
 Dragon Form              Tmut           0%         N/A       100%        7


Dungeon Overview and Level Annotations

Branches:
Dungeon (4/15)              Sewer (visited)
 Temple: D:4-7

Altars:
Ashenzari
Dithmenos

Shops:
D:1 (


Innate Abilities, Weirdness & Mutations

You are too large for most types of armour.
You have claws for hands.
Your natural rate of healing is unusually fast.
You are covered in fur. (AC +1)
You have tough skin. (AC +1)


Message History

You barely miss the iguana.
You feel sick. The scorpion stings you.
You scratch the iguana but do no damage.
You feel sick. The iguana closely misses you. The scorpion barely misses you.
You claw the iguana! Your claw misses the iguana.
The iguana is heavily wounded.
You feel sick. The scorpion completely misses you.
The iguana barely misses you.
You hear a distant slurping noise.
You closely miss the iguana.
The iguana is heavily wounded.
You feel sick.
The scorpion stings you but does no damage.
The iguana bites you!
* * * LOW HITPOINT WARNING * * *
You scratch the iguana.
The iguana is severely wounded.
You feel sick.
You are no longer poisoned.
The scorpion barely misses you. The iguana bites you!
* * * LOW HITPOINT WARNING * * *
You barely miss the iguana.
The iguana is severely wounded.
The scorpion stings you but does no damage.
The iguana bites you!
* * * LOW HITPOINT WARNING * * *
The scorpion closely misses you.
It was a potion of curing.
You feel better. The iguana barely misses you.
The scorpion completely misses you.
You scratch the iguana but do no damage.
The iguana is severely wounded.
The iguana barely misses you. The scorpion stings you.
* * * LOW HITPOINT WARNING * * *
You are poisoned.
The scorpion poisons you!
You scratch the iguana.
The iguana is almost dead.
You feel sick. The scorpion stings you.
* * * LOW HITPOINT WARNING * * *
The iguana bites you!
You die...

#.#. ..# .#.#
..#.. ..
...##..#. ...
#...#...#....
#.#.#..#..#...
#....<.#....###
###.#.........#
.. #..>s.....#
#.# ##.@l...# #
#......#####
...........
#.#...#.....#
..#.#......#
....#...#.....
.... ..#....#..
.. ### ..#.##.


You could see a scorpion and an iguana.

Vanquished Creatures
  2 jellies (Sewer)
  3 adders (D:2)
  3 river rats (Sewer)
  3 worms
  A dart slug (D:3)
  2 orcs (D:3)
  12 ball pythons
  4 bats
  14 endoplasms
  7 giant cockroaches
  6 goblins
  10 hobgoblins
  8 jackals
  6 quokkas
  7 frilled lizards
  7 kobolds
  7 rats
102 creatures vanquished.

Vanquished Creatures (others)
  An adder (D:3)
  A hobgoblin (D:3)
  21 plants
23 creatures vanquished.

Grand Total: 125 creatures vanquished

Notes
Turn   | Place    | Note
-------+----------+-------------------------------------------
     0 | D:1      | Darius099 the Troll Monk began the quest for the Orb.
     0 | D:1      | Reached XP level 1. HP: 22/22 MP: 0/0
    84 | D:1      | Reached XP level 2. HP: 29/29 MP: 1/1
   614 | D:2      | Reached XP level 3. HP: 36/36 MP: 2/2
   753 | D:2      | Found a shadowy altar of Dithmenos.
   999 | D:2      | Reached XP level 4. HP: 44/44 MP: 3/3
  1651 | D:3      | Found a broken altar of Ashenzari.
  1665 | D:3      | Reached skill level 4 in Unarmed Combat
  1802 | D:3      | Found a glowing drain.
  1895 | Sewer    | Entered a sewer
  1985 | Sewer    | Reached XP level 5. HP: 52/52 MP: 4/4
  2018 | Sewer    | Found a viscous altar of Jiyva.
  2024 | Sewer    | Reached skill level 5 in Unarmed Combat
  2134 | Sewer    | Became a worshipper of Jiyva Juedacro the Shapeless
  2134 | Sewer    | Reached * piety under Jiyva
  2134 | Sewer    | Reached ** piety under Jiyva
  2644 | D:4      | HP: 1/52 [iguana (9)]
  2647 | D:4      | Slain by an iguana

Illustrated notes

Levels and vault maps discovered:
D:1:      minmay_arrival_five_plusses, layout_loops_ring, serial_shops, shop
D:2:      layout_loops_corners, serial_bayou, serial_bayou_lagoon_a,
          serial_bayou_pond_d, serial_bayou_pond_c, serial_bayou_pond_d,
          serial_bayou_ford_a, serial_bayou_pond_d, basic_altar,
          minmay_tetromino_s4
D:3:      layout_loops_ring, overflow_temple_1_default,
          cheibrodos_sewer_entry_sluice, saegor_snake_ambush
D:4:      layout_basic, ebering_ghost_disaster_area, minmay_splitting_lines

Skill      XL: |  1  2  3  4  5 |
---------------+----------------+-----
Unarmed Combat | 4 5 |  5.6
Fighting       | |  2.9
Dodging        | |  2.9
Stealth        | |  1.4

Action                     |  1- 3 |  4- 6 || total
---------------------------+-------+-------++-------
  Melee: Unarmed           |   111 |   139 ||   250
         Punch             |     1 |     6 ||     7
    Use: Potion            |       |     1 ||     1
   Stab: Sleeping          |     6 |     4 ||    10
 Armour: Robe              |    33 |    46 ||    79
  Dodge: Dodged            |    69 |    66 ||   135

Table legend: (Time is in decaauts)
 A = Elapsed time spent in this place.
 B = Non-inter-level travel time spent in this place.
 C = Inter-level travel time spent in this place.
 D = Time resting spent in this place.
 E = Time spent auto-exploring this place.
 F = Levels seen in this place.
 G = Mean time per level.
                   A        B        C        D        E       F      G
               +--------+--------+--------+--------+--------+-----+--------+
         Total |   2626 |   2502 |    124 |      0 |   1841 |   5 |  525.2 |
       Dungeon |   2377 |   2253 |    124 |      0 |   1777 |   4 |  594.2 |
         Sewer |    249 |    249 |      0 |      0 |     64 |   1 |  249.0 |
               +--------+--------+--------+--------+--------+-----+--------+

Top non-repeatable levels by time:
     D:2: 1003 daAuts
     D:3: 778 daAuts
     D:1: 573 daAuts
   Sewer: 249 daAuts
     D:4: 21 daAuts
